 Dungeon Crawl Stone Soup version 0.18.1-48-g4cf74bf (webtiles) character file.

5828 madman the Markscentaur (level 10, 0/91 HPs)
             Began as a Centaur Hunter on Sept 4, 2016.
             Was a Follower of Okawaru.
             Slain by a yak (10 damage)
             ... on level 9 of the Dungeon.
             The game lasted 01:53:43 (12772 turns).

madman the Markscentaur (Centaur Hunter)           Turns: 12772, Time: 01:53:44

Health: 0/91       AC:  9    Str: 19    XL:     10   Next: 51%
Magic:  8/10       EV: 12    Int: 10    God:    Okawaru [*.....]
Gold:   610        SH:  0    Dex: 12    Spells: 0 memorised, 9 levels left

rFire  + . .     SeeInvis .     b - +1 short sword (elec)
rCold  . . .     Gourm    .     x - +1 leather armour {rF+}
rNeg   . . .     Faith    .     (no shield)
rPois  .         Spirit   .     h - +1 helmet
rElec  .         Dismiss  .     (no cloak)
rCorr  .         Reflect  .     A - +0 pair of gloves
SustAt .         Harm     .     (no barding)
MR     .....                    u - amulet of regeneration
Stlth  ++........               r - ring of stealth
                                N - +3 ring of strength

@: heroism, heavily drained, very quick, not resistant to hostile enchantments,
unstealthy
A: hooves 3, deformed body, speed 2, tough skin 3
a: Heroism, Renounce Religion


You were on level 9 of the Dungeon.
You worshipped Okawaru.
Okawaru was aware of your devotion.
You were not hungry.

You visited 2 branches of the dungeon, and saw 12 of its levels.

You collected 610 gold pieces.

Inventory:

Hand Weapons
 a - a +1 shortbow
 b - a +1 short sword of electrocution (weapon)
Missiles
 P - 2 arrows
Armour
 h - a +1 helmet (worn)
 x - a +1 leather armour of fire resistance (worn)
 A - a +0 pair of gloves (worn)
Jewellery
 j - an uncursed ring of flight
 o - a +2 ring of intelligence
 r - a ring of stealth (right hand)
 u - an amulet of regeneration (around neck)
 B - an uncursed amulet of harm
 G - an uncursed amulet of the gourmand
 N - a +3 ring of strength (left hand)
 Q - an uncursed ring of ice
Wands
 F - a wand of random effects (15/48)
 J - a wand of slowing (18/48)
 K - a wand of slowing (28/48)
Scrolls
 k - 2 scrolls of blinking {unknown}
 l - 3 scrolls of magic mapping {unknown}
 q - a scroll of noise {unknown}
 v - 8 scrolls of identify
 w - a scroll of acquirement {unknown}
 y - a scroll of enchant armour {unknown}
 z - a scroll of teleportation {unknown}
 C - 3 scrolls of remove curse
 L - a scroll of immolation {unknown}
 O - a scroll of enchant weapon {unknown}
Potions
 c - a potion of might {unknown}
 e - a potion of mutation {unknown}
 g - 2 potions of flight {unknown}
 i - a potion of brilliance {unknown}
 m - 4 potions of agility
 n - a potion of resistance {unknown}
 p - a potion of heal wounds {unknown}
 s - a potion of haste {unknown}
 t - 2 potions of curing {unknown}
 I - 2 potions of degeneration {unknown}
 R - a potion of cancellation {unknown}
Books
 M - a book of Unlife

   Spells                             Type                      Level
   a - Recall                         Summoning/Translocation      3
   b - Animate Dead                   Necromancy                   4
   c - Control Undead                 Necromancy                   4
   d - Cigotuvi's Embrace             Necromancy                   5
   e - Death Channel                  Necromancy                   6
   f - Simulacrum                     Ice/Necromancy               6
 S - a Grand Grimoire

   Spells                             Type                      Level
   a - Monstrous Menagerie            Summoning                    7
   b - Summon Greater Demon           Summoning                    7
   c - Malign Gateway                 Summoning/Translocation      7
   d - Summon Horrible Things         Summoning                    8
Comestibles
 f - 4 bread rations
 D - 6 fruits
 E - 2 meat rations
 H - 2 beef jerkies
 T - 7 chunks of flesh
 U - a royal jelly


   Skills:
 + Level 9.1(11.6) Fighting
 + Level 15.6(17.7) Bows
 * Level 4.1(6.9) Dodging
 - Level 0.5(3.5) Stealth


You had 9 spell levels left.
You didn't know any spells.

Dungeon Overview and Level Annotations

Branches:
Dungeon (11/15)            Temple (1/1) D:5
   Lair: D:8-11         Orc: D:9-12

Altars:
Ashenzari
Cheibriados
Dithmenos
Elyvilon
Fedhas
Gozag
Kikubaaqudgha
Makhleb
Nemelex Xobeh
Okawaru
Pakellas
Qazlal
Ru
Sif Muna
Trog
Vehumet
Xom
Yredelemnul
Zin
The Shining One

Annotations:
D:10 Maud


Innate Abilities, Weirdness & Mutations

You have hooves in place of feet.
Armour fits poorly on your strangely shaped body.
You cover ground very quickly.
You have extremely tough skin (AC +3).


Message History

The yak is severely wounded.
The yak gores you. The yak gores you but does no damage.
You completely miss the yak. You kick the yak, but do no damage.
The yak is severely wounded.
The yak gores you but does no damage. The yak gores you.
You completely miss the yak. You kick the yak.
The yak is severely wounded.
The yak gores you but does no damage. x2; The yak gores you!
* * * LOW HITPOINT WARNING * * *
You hit the yak but do no damage. You kick the yak, but do no damage.
The yak is severely wounded.
The yak gores you.
* * * LOW HITPOINT WARNING * * *
The yak gores you.
* * * LOW HITPOINT WARNING * * *
You gain the combat prowess of a mighty hero.
You feel slightly more hungry. The yak gores you.
* * * LOW HITPOINT WARNING * * *
The yak gores you!
You die...

..........#########..............
########..#########.#########.###
..............................###
.................^...............
######.######..#########.........
# #.# #..# #...###### # #.# #..#
#...# # #.# #..#########...######
# #.# #.YY@Y..[............ # ###
#####################


You could see 3 yaks.

Vanquished Creatures
  The ghost of cba the Sneak, an amateur OpAs of Dithmenos (D:5)
  8 yaks
  A hippogriff (D:7)
  A hungry ghost (D:8)
  A water moccasin (D:7)
  Duvessa (D:5)
  A sky beast (D:7)
  A black bear (D:10)
  A phantom (D:7)
  6 ogres
  A crocodile (D:9)
  10 giant frogs
  A gnoll sergeant (D:9)
  Dowan (D:5)
  A water moccasin zombie (D:6)
  6 scorpions
  A wyvern skeleton (D:9)
  A water moccasin skeleton (D:8)
  5 wights
  3 killer bees
  2 howler monkeys
  7 crimson imps
  3 centaur skeletons
  8 hounds
  5 jellies
  6 orc wizards
  4 orc priests
  3 giant frog skeletons
  2 iguanas
  Ijyb (D:3)
  4 worker ants
  The ghost of SaintRoka the Sneak, a weakling SpEn (D:4)
  6 gnolls
  7 adders
  3 shadow imps
  2 oozes
  3 adder skeletons
  2 worms (D:3)
  2 dart slugs
  4 giant geckos
  28 orcs
  6 giant cockroaches
  4 goblins
  9 hobgoblins
  10 jackals
  4 quokkas
  A ball python (D:7)
  15 bats
  5 giant newts
  A jackal skeleton (D:7)
  12 kobolds
  A quokka zombie (D:6)
  6 rats
229 creatures vanquished.

Notes
Turn   | Place    | Note
--------------------------------------------------------------
     0 | D:1      | madman the Centaur Hunter began the quest for the Orb.
     0 | D:1      | Reached XP level 1. HP: 17/17 MP: 1/1
   155 | D:1      | Reached XP level 2. HP: 22/24 MP: 2/2
   384 | D:1      | Reached skill level 6 in Bows
  1227 | D:1      | Reached XP level 3. HP: 30/30 MP: 3/3
  1576 | D:2      | Found a faded altar to an unknown god.
  1898 | D:2      | Found a shattered altar of Ashenzari.
  2322 | D:1      | Reached skill level 7 in Bows
  2322 | D:1      | Reached XP level 4. HP: 27/37 MP: 4/4
  2594 | D:2      | Found a burning altar of Makhleb.
  2711 | D:3      | Reached XP level 5. HP: 37/45 MP: 5/5
  3167 | D:3      | Reached skill level 8 in Bows
  3655 | D:3      | Noticed Ijyb
  3665 | D:3      | Killed Ijyb
  3753 | D:3      | You fall through a shaft for 3 floors!
  3758 | D:6      | Found a radiant altar of Vehumet.
  3795 | D:5      | Entered Level 5 of the Dungeon
  3848 | D:5      | Got a polished war axe
  3880 | D:5      | Reached XP level 6. HP: 52/52 MP: 6/6
  3907 | D:4      | Found a bloodstained altar of Trog.
  3907 | D:4      | Noticed SaintRoka's ghost (weakling SpEn)
  3919 | D:4      | Killed SaintRoka's ghost
  3961 | D:3      | Reached skill level 9 in Bows
  4309 | D:5      | Noticed Dowan
  4310 | D:5      | Noticed Duvessa
  4331 | D:4      | Found an oddly glowing altar of Pakellas.
  4356 | D:4      | Found a burning altar of Makhleb.
  4590 | D:4      | Reached XP level 7. HP: 43/60 MP: 7/7
  4943 | D:5      | Noticed cba's ghost (amateur OpAs)
  5013 | D:5      | Killed cba's ghost
  5013 | D:5      | Reached skill level 5 in Fighting
  5013 | D:5      | Reached skill level 10 in Bows
  5646 | D:5      | Found a staircase to the Ecumenical Temple.
  5682 | D:5      | Reached skill level 11 in Bows
  6009 | D:5      | Reached XP level 8. HP: 51/69 MP: 8/8
  6083 | Temple   | Entered the Ecumenical Temple
  6374 | D:6      | Found a shadowy altar of Dithmenos.
  6677 | D:5      | Reached skill level 12 in Bows
  6748 | D:5      | Killed Duvessa
  7593 | D:6      | Reached skill level 13 in Bows
  7812 | D:7      | Reached XP level 9. HP: 78/78 MP: 9/9
  7866 | D:7      | Found a snail-covered altar of Cheibriados.
  8496 | D:7      | Found a basalt altar of Yredelemnul.
  8666 | D:7      | Reached skill level 14 in Bows
  9000 | D:5      | Killed Dowan
  9149 | D:4      | Found a shimmering altar of Xom.
  9149 | D:4      | Found a stormy altar of Qazlal.
  9796 | D:8      | Reached skill level 15 in Bows
 10071 | D:8      | Found an iron altar of Okawaru.
 10078 | D:8      | Became a worshipper of Warmaster Okawaru
 10081 | D:8      | Found a sacrificial altar of Ru.
 10239 | D:10     | Entered Level 10 of the Dungeon
 10411 | D:9      | Reached XP level 10. HP: 87/90 MP: 10/10
 11355 | D:9      | Reached * piety under Okawaru
 11456 | D:9      | Identified the +4 war axe of the Crawling Thing {freeze, Fragile rF+ SInv} (You found it on level 5 of the Dungeon)
 12209 | D:10     | Noticed Maud
 12772 | D:9      | Slain by a yak

Skill      XL: |  1  2  3  4  5  6  7  8  9 10 |
---------------+-------------------------------+-----
Bows           | 6 7 8 9 11 13 15 | 15.6
Fighting       | 3 4 5 6 8 9 |  9.1
Dodging        | 2 4 |  4.1
Stealth        | |  0.5

Action                   |  1- 3 |  4- 6 |  7- 9 | 10-12 || total
-------------------------+-------+-------+-------+-------++-------
Melee: Short sword       |   195 |   134 |   278 |   134 ||   741
       Kick              |    29 |    35 |    75 |    38 ||   177
 Fire: Shortbow          |    16 |    87 |   236 |    49 ||   388
Invok: Heroism           |       |       |       |     1 ||     1
  Use: Scroll            |       |     4 |       |       ||     4
       Potion            |       |     1 |       |       ||     1
 Stab: Sleeping          |       |     1 |     2 |       ||     3
  Eat: Chunk             |     3 |     2 |     5 |     2 ||    12
       Bread ration      |       |     1 |     1 |     1 ||     3
       Meat ration       |       |       |     1 |       ||     1
Armor: Leather armour    |   104 |    45 |   128 |    53 ||   330
       Robe              |    12 |       |       |       ||    12
       Ring mail         |     3 |       |       |       ||     3
Dodge: Dodged            |   118 |    50 |   122 |    75 ||   365
